 Dungeon Crawl Stone Soup version 0.30-a0-715-gdb4ae3ece1 (webtiles) character file.

Game seed: 16637880642216626126

0 inmateoo the Charlatan (level 1, -1/13 HPs)
             Began as a Demonspawn Wanderer on Jan 24, 2023.
             Frozen to death by an endoplasm (2 damage)
             ... on level 1 of the Dungeon.
             The game lasted 00:00:14 (101 turns).

inmateoo the Charlatan (Demonspawn Wanderer)         Turns: 101, Time: 00:00:15

Health: -1/13      AC:  2    Str: 11    XL:     1   Next: 8%
Magic:  3/3        EV: 11    Int: 15    God:
Gold:   0          SH:  0    Dex: 11    Spells: 4/4 levels left

rFire   . . .      SeeInvis .    (no weapon)
rCold   . . .      Faith    .    (no shield)
rNeg    . . .      Spirit   .    c - +0 robe
rPois   .          Reflect  .    (no helmet)
rElec   .          Harm     .    (no cloak)
rCorr   .          Rampage  .    (no gloves)
Will    .....                    (no boots)
Stlth   +                        (no amulet)
HPRegen 0.22/turn                (no ring)
MPRegen 0.08/turn                (no ring)

@: no status effects
A: no striking features
a: no special abilities


You were on level 1 of the Dungeon.
You visited 1 branch of the dungeon, and saw 1 of its levels.

Inventory:

Hand Weapons
 a - a +0 club
Armour
 c - a +0 robe (worn)
Wands
 d - a wand of polymorph (4) (quivered)
Scrolls
 b - a scroll of blinking
 e - a scroll of immolation {unknown}
 g - a scroll of enchant weapon {unknown}
Potions
 f - 2 potions of mutation {unknown}


   Skills:
 - Level 1.0 Dodging
 * Level 0.1 Unarmed Combat
 - Level 2.0 Spellcasting
 - Level 1.0 Conjurations
 - Level 1.7 Air Magic
 - Level 4.0 Evocations


You had 4 spell levels left.
You didn't know any spells.
Your spell library contained the following spells:

 Spells                   Type           Power      Damage    Failure   Level
 Shock                    Conj/Air       20%        1d4       13%         1
 Magic Dart               Conj           16%        1d3       14%         1
 Mephitic Cloud           Conj/Pois/Air  4%         N/A       41%         3
 Kindle Blastsparks       Fire/Tloc/Air  6%         2d10      45%         3
 Hailstorm                Conj/Ice       3%         3d3       47%         3


Dungeon Overview and Level Annotations

Branches:
Dungeon (1/15)

Altars:

Shops:
D:1 :


Message History

There are monsters nearby!
Found Mopirahua's Book Shop.
The bat barely misses you.
There are monsters nearby!
The bat hits you. The endoplasm freezes you.
You are frozen.
You hit the bat but do no damage.
The bat is moderately wounded.
The bat hits you but does no damage. The bat hits you.
The endoplasm freezes you.
You are frozen.
You are too injured to fight recklessly!
The bat hits you.
* * * LOW HITPOINT WARNING * * *
The bat closely misses you. The bat hits you but does no damage.
You hit the bat but do no damage.
The bat is moderately wounded.
The bat closely misses you. The bat hits you but does no damage.
You barely miss the bat.
The bat is moderately wounded.
The bat closely misses you. x3
You barely miss the bat.
The bat is moderately wounded.
The bat misses you. The bat barely misses you.
You hit the bat.
You kill the bat!
You hit the endoplasm.
The endoplasm is heavily wounded.
The endoplasm hits you.
* * * LOW HITPOINT WARNING * * *
You hit the endoplasm but do no damage.
The endoplasm is heavily wounded.
The endoplasm hits you.
* * * LOW HITPOINT WARNING * * *
You hit the endoplasm.
The endoplasm is almost dead.
The endoplasm freezes you.
You are frozen.
You die...

#...... .. #....##'
.. ...####. # .# .
##.... . #. #.#
#..≈≈≈ ∩.###. #.#
#.≈≈.. ......# #.#
#.≈≈.< ##...#######.#
#.≈≈..
..#......J@....# .
#..§≈.
........#####..##
..##..§. ....#.#.#
#...# ...#####
........# #...#
#....### ......#.#
#...## #......
....#.#.#####....##
#.... #####
#...........########.
########.......#####'
#.............


You could see an endoplasm.

Vanquished Creatures
  A bat (D:1)
1 creature vanquished.

Notes
Turn   | Place    | Note
-------+----------+-------------------------------------------
     0 | D:1      | inmateoo the Demonspawn Wanderer began the quest for the
                  | Orb.
     0 | D:1      | inmateoo set off with the following items: a +0 club, a
                  | scroll of blinking, a +0 robe, a wand of polymorph (4); and
                  | the following spells available to memorise: Shock, Magic
                  | Dart, Mephitic Cloud, Kindle Blastsparks, Hailstorm.
     0 | D:1      | Reached XP level 1. HP: 13/13 MP: 3/3
    89 | D:1      | Found Mopirahua's Book Shop.
   101 | D:1      | Frozen to death by an endoplasm

Illustrated notes

Levels and vault maps discovered:
D:1:      dpeg_arrival_concentric_ovals, layout_loops_corners, serial_shops,
          nicolae_shop_stone, serial_bayou_lagoon_a

Action                     || total
---------------------------++-------
  Melee: Unarmed           ||    13
 Armour: Robe              ||    11
  Dodge: Dodged            ||    12

Table legend: (Time is in decaauts)
 A = Elapsed time spent in this place.
 B = Non-inter-level travel time spent in this place.
 C = Inter-level travel time spent in this place.
 D = Time resting spent in this place.
 E = Time spent auto-exploring this place.
 F = Levels seen in this place.
 G = Mean time per level.
                   A        B        C        D        E       F      G
               +--------+--------+--------+--------+--------+-----+--------+
         Total |    100 |    100 |      0 |      0 |     73 |   1 |  100.0 |
       Dungeon |    100 |    100 |      0 |      0 |     73 |   1 |  100.0 |
               +--------+--------+--------+--------+--------+-----+--------+

Top non-repeatable levels by time:
     D:1: 100 daAuts
